 Dungeon Crawl Stone Soup version 0.30-a0-170-g85af917532 (webtiles) character file.

Game seed: 15460080121120875138

226 qw the Chopper (level 6, -2/38 HPs)
             Began as a Gargoyle Fighter on Sept 30, 2022.
             Killed by divine providence
             ... invoked by an orc priest
              (11 damage)
             ... on level 4 of the Dungeon.
             The game lasted 00:01:06 (2819 turns).

qw the Chopper (Gargoyle Fighter)                   Turns: 2819, Time: 00:01:07

Health: -2/38      AC: 17    Str: 22    XL:     6   Next: 1%
Magic:  6/6        EV:  7    Int:  8    God:
Gold:   53         SH:  4    Dex:  9    Spells: 5/5 levels left

rFire   . . .      SeeInvis .    Y - +0 war axe (vorpal)
rCold   . . .      Faith    .    c - +0 buckler
rNeg    + . .      Spirit   .    p - +0 chain mail
rPois   inf        Reflect  .    (no helmet)
rElec   +          Harm     .    b - +0 cloak
rCorr   .          Rampage  .    (no gloves)
Will    .....                    s - +2 pair of boots
Stlth   ..........               k - amulet of regeneration
HPRegen 0.92/turn                (no ring)
MPRegen 0.10/turn                (no ring)

@: about to teleport
A: sickness immunity, AC +4, negative energy resistance 1, electricity
resistance, torment resistance 1, petrification resistance
a: no special abilities


You were on level 4 of the Dungeon.
You visited 1 branch of the dungeon, and saw 4 of its levels.

You collected 137 gold pieces.
You spent 84 gold pieces at shops.


Innate Abilities, Weirdness & Mutations

You are immune to sickness and miasma.
Your stone body is resilient. (AC +4)
You are immune to poison.
You resist negative energy. (rN+)
You are resistant to electric shocks. (rElec)
You are resistant to unholy torment.
You are immune to petrification.


   Skills:
 + Level 3.8 Fighting
 - Level 5.0 Axes
 - Level 1.0 Throwing
 - Level 3.2 Armour
 - Level 3.2 Shields


You had 5 spell levels left.
You didn't know any spells.
Your spell library was empty.

Inventory:

Hand Weapons
 g - a +0 flail
 Y - a +0 vorpal war axe (weapon)
Missiles
 h - 3 boomerangs
 q - 4 javelins (quivered)
Armour
 b - a +0 cloak (worn)
 c - a +0 buckler (worn)
 p - a +0 chain mail (worn)
 s - a +2 pair of boots (worn)
Jewellery
 a - a ring of magical power
 k - an amulet of regeneration (around neck)
Scrolls
 t - a scroll of identify
Potions
 d - a potion of might
 e - a potion of invisibility {unknown}
 f - a potion of heal wounds {unknown}
 i - 3 potions of curing
 l - a potion of mutation {unknown}
 m - a potion of haste {unknown}
 r - a potion of resistance {unknown}
 u - a potion of lignification

Dungeon Overview and Level Annotations

Branches:
Dungeon (4/15)
 Temple: D:4-7

Altars:

Shops:
D:3 *


Message History

You barely miss the orc. The orc barely misses you. The orc closely misses you.
The orc priest completely misses you.
You closely miss the orc priest. You slash the orc!
You kill the orc!
You block the orc priest's attack.
You have reached level 6!
You closely miss the orc priest.
The orc priest hits you but does no damage.
You barely miss the orc priest.
The orc priest calls down the wrath of Beogh upon you.
Beogh smites you!
You barely miss the orc priest. You hit the orc. The orc closely misses you.
The orc priest hits you but does no damage.
You completely miss the orc.
The orc is almost dead.
You hit the orc priest but do no damage.
The orc barely misses you. You block the orc priest's attack.
You barely miss the orc.
The orc is almost dead.
You closely miss the orc priest. The orc hits you but does no damage.
The orc priest calls down the wrath of Beogh upon you.
Beogh smites you!
You slash the orc!
You kill the orc!
You hit the orc priest.
The orc priest invokes the aid of Beogh against you.
Beogh smites you!
The orc priest hits you but does no damage.
2818 ||| READING scroll of teleportation.
As you read the scroll of teleportation, it crumbles to dust.
You feel strangely unstable.
The orc priest hits you but does no damage.
You hit the orc priest.
The orc priest is heavily wounded.
The orc priest invokes the aid of Beogh against you.
Beogh smites you!
You die...

........##..#.#....
#..###.............
#.. ..........#####
#.............#
######...
.####.....#.#
#........
#.##..#.###.#####..
#. #..o............
# #..#.###..#####.
.....#.#o@....?...
......#..)#..#####.
#.##...........# #
#..............
#.###..#...#### .
........ ##..#...##
#.. ...#


You could see an orc priest.

Vanquished Creatures
  A hound (D:4)
  An orc priest (D:4)
  Jessica (D:3)
  3 gnolls (D:4)
  3 adders
  2 worms (D:3)
  A dart slug (D:2)
  8 orcs
  4 endoplasms
  2 giant cockroaches (D:1)
  8 goblins
  6 hobgoblins
  4 jackals (D:2)
  3 quokkas
  8 ball pythons
  4 bats
  2 frilled lizards
  7 kobolds
  4 rats
72 creatures vanquished.

Notes
Turn   | Place    | Note
-------+----------+-------------------------------------------
     0 | D:1      | qw the Gargoyle Fighter began the quest for the Orb.
     0 | D:1      | Reached XP level 1. HP: 14/14 MP: 1/1
     0 | D:1      | 0 ||| qw: Version: 0.2-a-12-gaebbb33
     0 | D:1      | 0 ||| qw: Game counter: 1549
     0 | D:1      | 0 ||| qw: Always use a shield: true
     0 | D:1      | 0 ||| qw: God list: Okawaru
     0 | D:1      | 0 ||| qw: Allow faded altars: false
     0 | D:1      | 0 ||| qw: Do Orc after D:15 true
     0 | D:1      | 0 ||| qw: Do second Lair branch before Depths: true
     0 | D:1      | 0 ||| qw: Lair rune preference: random
     0 | D:1      | 0 ||| qw: Plans: Normal, Zot:1-4, God:TSO, Crypt, Tomb,
                  | Pan, Slime:5, Hells, Abyss, Orb
     0 | D:1      | 0 ||| PLANNING D:1-11
    58 | D:1      | Reached skill level 2 in Axes
   112 | D:1      | 112 ||| Stepping ~*~*~tactically~*~*~ (stealth).
   194 | D:1      | 194 ||| DROPPING +0 club.
   232 | D:1      | 232 ||| Stepping ~*~*~tactically~*~*~ (stealth).
   237 | D:1      | 237 ||| Stepping ~*~*~tactically~*~*~ (stealth).
   241 | D:1      | Reached XP level 2. HP: 8/19 MP: 2/2
   244 | D:1      | HP: 4/19 [constriction (1)]
   604 | D:1      | Found a faded altar of an unknown god.
  1172 | D:1      | 1172 ||| UPGRADING to +0 pair of boots.
  1177 | D:1      | 1177 ||| UPGRADING to amulet of regeneration.
  1182 | D:1      | 1182 ||| DROPPING ring of flight.
  1183 | D:1      | 1183 ||| READING scroll labelled QADYAH LOSSIO.
  1184 | D:1      | 1184 ||| READING 2 scrolls labelled VAUHAH TAHEU.
  1209 | D:2      | Reached skill level 3 in Axes
  1213 | D:2      | Reached XP level 3. HP: 23/23 MP: 3/3
  1359 | D:2      | 1359 ||| Stepping ~*~*~tactically~*~*~ (stealth).
  1645 | D:2      | 1645 ||| Stepping ~*~*~tactically~*~*~ (stealth).
  1665 | D:2      | 1665 ||| Stepping ~*~*~tactically~*~*~ (stealth).
  1743 | D:2      | 1743 ||| UPGRADING to +0 chain mail.
  1753 | D:2      | 1753 ||| DROPPING +0 scale mail.
  1754 | D:2      | 1754 ||| READING scroll labelled WALITSI ZASUGUQ.
  1755 | D:2      | 1755 ||| READING scroll labelled IQORIO ERUV.
  1756 | D:2      | 1756 ||| READING scroll labelled ESHOC IM BIVVE.
  1757 | D:2      | 1757 ||| READING scroll labelled LOSTROO OC ZIR.
  1866 | D:3      | Reached XP level 4. HP: 28/28 MP: 4/4
  1896 | D:3      | 1896 ||| DROPPING +0 whip.
  1959 | D:3      | Reached skill level 1 in Throwing
  2040 | D:3      | 2040 ||| Stepping ~*~*~tactically~*~*~ (stealth).
  2076 | D:3      | 2076 ||| Stepping ~*~*~tactically~*~*~ (stealth).
  2078 | D:3      | 2078 ||| Stepping ~*~*~tactically~*~*~ (stealth).
  2080 | D:3      | 2080 ||| Stepping ~*~*~tactically~*~*~ (stealth).
  2082 | D:3      | 2082 ||| Stepping ~*~*~tactically~*~*~ (stealth).
  2243 | D:3      | Noticed Jessica
  2244 | D:3      | 2244 ||| Stepping ~*~*~tactically~*~*~ (hiding).
  2249 | D:3      | Killed Jessica
  2250 | D:3      | Reached skill level 4 in Axes
  2253 | D:3      | 2253 ||| Stepping ~*~*~tactically~*~*~ (stealth).
  2279 | D:3      | 2279 ||| Stepping ~*~*~tactically~*~*~ (stealth).
  2352 | D:3      | Reached XP level 5. HP: 32/32 MP: 5/5
  2390 | D:3      | Found Tokh's General Store.
  2397 | D:3      | 2397 ||| BUYING potion of curing (42 gold).
  2397 | D:3      | Bought a potion of curing for 42 gold pieces
  2397 | D:3      | 2397 ||| BUYING potion of lignification (42 gold).
  2397 | D:3      | Bought a potion of lignification for 42 gold pieces
  2642 | D:3      | 2642 ||| UPGRADING to +0 cloak.
  2647 | D:3      | 2647 ||| UPGRADING to +2 pair of boots.
  2657 | D:3      | 2657 ||| DROPPING +0 pair of boots.
  2658 | D:3      | 2658 ||| READING scroll labelled IMEICA LYOGIT.
  2659 | D:3      | 2659 ||| READING scroll labelled WOETYF ROYCHEM.
  2737 | D:4      | Reached skill level 5 in Axes
  2802 | D:4      | 2802 ||| Stepping ~*~*~tactically~*~*~ (hiding).
  2805 | D:4      | 2805 ||| Stepping ~*~*~tactically~*~*~ (hiding).
  2806 | D:4      | 2806 ||| Stepping ~*~*~tactically~*~*~ (hiding).
  2812 | D:4      | Reached XP level 6. HP: 38/38 MP: 6/6
  2817 | D:4      | HP: 7/38 [orc priest/divine providence (13)]
  2818 | D:4      | 2818 ||| READING scroll of teleportation.
  2819 | D:4      | Killed from afar by an orc priest

Levels and vault maps discovered:
D:1:      wheals_arrival_linesprint, layout_loops_ring,
          shapermc_ecumenical_altar_mp_ritualfount, amethyst_killhole,
          minmay_tripent
D:2:      layout_basic, minmay_misc_feat_tiny, minmay_hexomino_p4
D:3:      layout_basic, serial_shops, nicolae_diamond_shop,
          grunt_decor_resistance, kennysheep_jessica_study
D:4:      layout_basic

Skill      XL: |  1  2  3  4  5 |
---------------+----------------+-----
Axes           | 2 3 4 5 |  5.0
Throwing       | 1 |  1.0
Fighting       | |  3.8
Armour         | |  3.2
Shields        | |  3.2

Action                   |  1- 3 |  4- 6 || total
-------------------------+-------+-------++-------
Melee: War axe           |   123 |    64 ||   187
Throw: Javelin           |     1 |    27 ||    28
  Use: Scroll            |     6 |     3 ||     9
 Stab: Distracted        |     1 |       ||     1
Armor: Scale mail        |    63 |       ||    63
       Chain mail        |       |    29 ||    29
Dodge: Dodged            |    68 |    24 ||    92
Block: Buckler           |    25 |    12 ||    37

Table legend:
 A = Non-vault XP
 B = Vault XP
 C = Vault XP percentage of total XP
 D = Non-vault monster count
 E = Vault monster count
 F = Vault count percentage of total count
                 A         B        C        D         E       F
            +---------+---------+-------+---------+---------+-------
      Total |     266 |      58 |  17.9 |      65 |       7 |   9.7
            +---------+---------+-------+---------+---------+-------
        D:1 |      26 |       3 |  10.3 |      16 |       2 |  11.1
        D:2 |      35 |      16 |  31.4 |      21 |       3 |  12.5
        D:3 |      63 |      39 |  38.2 |      17 |       2 |  10.5
        D:4 |     142 |       0 |   0.0 |      11 |       0 |   0.0
            +---------+---------+-------+---------+---------+-------
